 Dungeon Crawl Stone Soup version 0.24.0-41-g2ae2f7f1be (console) character file.

Game seed: 12031800667944537555, levelgen mode: deterministic

101675 Kagalorn the Black Belt (level 16, -8/99 HPs)
             Began as an Octopode Transmuter on Dec 13, 2019.
             Was the Champion of Okawaru.
             Mangled by a yak (18 damage)
             ... on level 6 of the Lair of Beasts.
             The game lasted 02:25:45 (45711 turns).

Kagalorn the Black Belt (Octopode Transmuter)      Turns: 45711, Time: 02:25:46

Health: -8/99      AC:  1    Str:  9    XL:     16   Next: 31%
Magic:  24/25      EV: 22    Int: 26    God:    Okawaru [******]
Gold:   2315       SH:  6    Dex: 20    Spells: 4/27 levels left

rFire    + . .     SeeInvis .     - Unarmed
rCold    + + .     Gourm    .   B - +0 buckler {reflect}
rNeg     . . .     Faith    .   (helmet restricted)
rPois    +         Spirit   .   (no amulet)
rElec    .         Reflect  +   d - ring of resist corrosion
rCorr    +         Harm     .   m - +2 ring of evasion
MR       +++++                  S - ring "Idduk" {MR+ Dex+6 Slay+2}
Stlth    +++.......             H - ring of the Thistle {MR+ Int+3 Dex+2}
HPRegen  0.26/turn              W - ring of Equivalence {rPois MR++}
MPRegen  0.19/turn              M - ring of protection from cold
                                v - ring of protection from cold
                                A - ring of protection from fire

@: no status effects
A: almost no armour, stealthy swim, amphibious, 8 rings, constrict 8, camouflage
1, gelatinous body 1
a: Heroism, Finesse, Renounce Religion


You were on level 6 of the Lair of Beasts.
You worshipped Okawaru.
Okawaru was exalted by your worship.
You were not hungry.

You visited 4 branches of the dungeon, and saw 24 of its levels.
You also visited: Bailey and Gauntlet.

You collected 2591 gold pieces.
You spent 276 gold pieces at shops.

Inventory:

Missiles
 n - 54 poisoned darts (quivered)
 s - 28 javelins
 w - 6 atropa-tipped darts
Armour
 B - a +0 buckler of reflection (worn)
 I - a +2 shield of protection
 T - a +3 shield of cold resistance
Magical Staves
 a - an uncursed staff of energy
Jewellery
 d - a ring of resist corrosion (left tentacle)
 f - an uncursed ring of fire
 m - a +2 ring of evasion (right tentacle)
 v - a ring of protection from cold (on tentacle)
 z - an uncursed ring of protection from magic
 A - a ring of protection from fire (on tentacle)
 C - the amulet "Rus Tiab" {Spirit rElec rPois MR+ Int-5}
   (You acquired it on level 2 of the Lair of Beasts)

   [amulet of guardian spirit]

   It causes incoming damage to be split between your health and magic.
   It affects your intelligence (-5).
   It insulates you from electricity.
   It protects you from poison.
   It affects your resistance to hostile enchantments.
 H - the ring of the Thistle (on tentacle) {MR+ Int+3 Dex+2}
   (You found it in a Gauntlet)

   [ring of dexterity]

   It affects your intelligence (+3).
   It affects your dexterity (+2).
   It affects your resistance to hostile enchantments.
 L - an uncursed ring of positive energy
 M - a ring of protection from cold (on tentacle)
 P - an uncursed ring of positive energy
 S - the ring "Idduk" (on tentacle) {MR+ Dex+6 Slay+2}
   (You found it on level 6 of the Lair of Beasts)

   [ring of protection from magic]

   It affects your dexterity (+6).
   It affects your accuracy and damage with ranged weapons and melee attacks
   (+2).
   It affects your resistance to hostile enchantments.
 W - the ring of Equivalence (on tentacle) {rPois MR++}
   (You found it on level 5 of the Lair of Beasts)

   [ring of poison resistance]

   It protects you from poison.
   It affects your resistance to hostile enchantments.
Wands
 y - a wand of flame (59)
 D - a wand of clouds (5)
 E - a wand of digging (5)
 F - a wand of acid (12)
 X - a wand of paralysis (10)
Scrolls
 i - 2 scrolls of fear
 p - 3 scrolls of magic mapping
 q - 17 scrolls of teleportation
 r - 2 scrolls of enchant armour
 t - 18 scrolls of remove curse
 u - 9 scrolls of fog
 x - 2 scrolls of summoning
 G - a scroll of holy word
 K - a scroll of amnesia
 Q - 6 scrolls of identify
 V - a scroll of silence {unknown}
Potions
 b - a potion of lignification {unknown}
 e - 3 potions of agility
 g - 3 potions of mutation
 h - 2 potions of cancellation
 j - 3 potions of brilliance
 k - 6 potions of might
 l - 7 potions of curing
 o - 5 potions of heal wounds
 J - 2 potions of berserk rage
 O - a potion of haste
 U - a potion of flight {unknown}
Miscellaneous
 R - a lamp of fire
Comestibles
 c - 9 rations


   Skills:
 - Level 6.0 Fighting
 - Level 8.1 Dodging
 - Level 4.0 Shields
 - Level 18.2 Unarmed Combat
 * Level 6.2 Spellcasting
 - Level 4.0 Hexes
 - Level 10.0 Summonings
 - Level 3.0 Translocations
 - Level 10.0 Transmutations
 - Level 4.0 Ice Magic
 * Level 2.9 Earth Magic
 - Level 2.0 Poison Magic
 - Level 10.0 Invocations


You had 4 spell levels left.
You knew the following spells:

 Your Spells              Type           Power        Failure   Level  Hunger
a - Spider Form           Tmut/Pois      #####.....   1%          3    None
b - Ice Form              Ice/Tmut       #####...     3%          4    ###....
c - Summon Mana Viper     Hex/Summ       #####...     11%         5    #####..
d - Statue Form           Tmut/Erth      #####....    58%         6    ######.
f - Passwall              Tmut/Erth      #####...     1%          2    None
g - Blink                 Tloc           N/A          3%          2    None
p - Beastly Appendage     Tmut           ######       1%          1    None

Your spell library contained the following spells:

 Spells                   Type           Power        Failure   Level  Hunger
 Confusing Touch          Hex            ####..       1%          1    None
 Summon Butterflies       Summ           ######..     1%          1    None
 Sticks to Snakes         Tmut           ######..     1%          2    None
 Call Canine Familiar     Summ           ######..     1%          3    None
 Confuse                  Hex            ####....     3%          3    None
 Summon Ice Beast         Ice/Summ       #####...     3%          4    ###....
 Petrify                  Tmut/Erth      #####...     4%          4    ###....
 Gell's Gravitas          Tloc           ###.......   6%          3    None
 Lesser Beckoning         Tloc           ###.......   6%          3    None
 Fulminant Prism          Conj/Hex       ###.......   28%         4    ###....
 Blade Hands              Tmut           ######....   3%          5    #####..
 Yara's Violent Unravell  Hex/Tmut       #####.....   11%         5    #####..
 Metabolic Englaciation   Hex/Ice        ####......   34%         5    #####..
 Silence                  Hex/Air        ###.......   63%         5    #####..
 Summon Hydra             Summ           ######....   67%         7    #######
 Disjunction              Tloc           ###.......   100%        8    #######


Dungeon Overview and Level Annotations

Branches:
Dungeon (15/15)            Temple (1/1) D:5            Lair (6/6) D:11
 Shoals (0/4) Lair:2       Spider (0/4) Lair:3        Slime (0/5) Lair:5
    Orc (2/2) D:10            Elf (0/3) Orc:2        Vaults (0/5) D:14
 Depths (0/5) D:15         Bailey (visited)         Gauntlet (visited)

Altars:
Ashenzari
Cheibriados
Dithmenos
Elyvilon
Fedhas
Gozag
Hepliaklqana
Kikubaaqudgha
Makhleb
Nemelex Xobeh
Okawaru
Qazlal
Ru
Sif Muna
Trog
Uskayaw
Vehumet
Wu Jian
Xom
Yredelemnul
Zin
The Shining One
Jiyva

Shops:
D:4 ?   D:7 [*(   D:10 ?!   D:11 *   D:13 ?*   D:14 (   Orc:2 }%=:[

Portals:
Trove: D:10 (show slimy rune of Zot)

Annotations:
Lair:5 1 runed translucent door


Innate Abilities, Weirdness & Mutations

You cannot wear most types of armour.
You are very stealthy in the water. (Stealth+)
You are amphibious.
You can wear up to eight rings at the same time.
You can use your tentacles to constrict eight enemies at once.
Your skin changes colour to match your surroundings (Stealth+).
Your rubbery body absorbs attacks. (AC +1, EV +1)


Message History

The yak is severely wounded.
You block the yak's attack.
The helpless yak fails to defend itself.
You batter the yak!!
You kill the yak!
Okawaru accepts your kill. The yak barely misses you. The yak misses you.
The yak barely misses you. The yak closely misses you. The death yak gores you.
You block the yak's attack.
You see here a yak corpse.
The yak barely misses you. The yak gores you! The death yak gores you!
* * * LOW HITPOINT WARNING * * *
The yak gores you!
* * * LOW HITPOINT WARNING * * *
The yak closely misses you.
The yak snorts and paws the ground.
The death yak snorts and paws the ground.
You block the yak's attack. The yak gores you!!
You die...

.#P...##...................8.....
.#.....#.<....................8..
#.##.#.##.............Y...8......
.#######............YY###......##
.....P.P............Y## ##.....P#
.....................# ##...###.P
....................####...######
.................Y..# #...###.###
................@...# #..##.....#
#...................###......#...
###..#..##.........###......##...
##.+..+.##.........# ##....####..
##.....###.........# ##.### ##.#
.#.................# ### ##..#
........#..........## #######..##
#PP....##...........# #..##...##
#..######...........# ##......###


You could see a death yak and 4 yaks.

Vanquished Creatures
  Rupert (D:14)
  A minotaur (Gauntlet)
  10 hydras
  A vault guard (D:14)
  2 catoblepae (Lair:6)
  3 centaur warriors
  18 two-headed ogres
  A tengu warrior (D:13)
  7 death yaks
  4 ogre magi
  2 skeletal warriors (D:15)
  An unseen horror (D:13)
  2 wizards
  A lindwurm (Lair:4)
  The ghost of demivan the Chopper, a novice MiFi of Yredelemnul (D:5)
  3 necromancers
  An oklob plant (Lair:5)
  4 orc knights
  3 deep elf magi
  5 manticores
  2 orc sorcerers
  A cyclops (D:12)
  7 ugly things
  11 elephants
  Joseph (D:8)
  3 black mambas
  Maurice (D:13)
  17 spiny frogs
  3 centaur skeletons
  2 rime drakes
  An efreet (D:14)
  3 komodo dragons
  A kobold demonologist (D:11)
  2 tengu conjurers
  A meliai (shapeshifter) (D:14)
  5 trolls
  A polar bear (shapeshifter) (D:13)
  18 blink frogs
  3 polar bears
  2 hornets
  2 raiju (Gauntlet)
  10 hippogriffs
  A redback (Lair:3)
  3 shadows
  A centaur simulacrum (D:15)
  2 wyverns
  A wraith (D:12)
  A vampire (D:15)
  40 yaks
  18 humans (D:14)
  A hungry ghost (D:9)
  2 basilisks
  9 vampire mosquitoes
  4 wargs
  A harpy simulacrum (D:14)
  3 acid dragons
  13 porcupines
  17 water moccasins
  31 orc warriors
  3 ice beasts
  5 sky beasts
  2 hornet zombies
  2 black bears
  3 necrophages
  28 ogres
  An eye of draining (D:11)
  4 phantoms
  3 boggarts (D:15)
  3 wolves (Lair:6)
  11 centaurs
  13 crocodiles
  2 big kobolds
  18 bullfrogs
  A gnoll sergeant (Orc:1)
  A wyvern zombie (D:11)
  6 scorpions
  10 killer bees
  2 howler monkeys
  3 electric eels
  10 crimson imps
  4 centaur zombies
  13 hounds
  3 bullfrog skeletons
  8 jellies
  12 orc priests
  2 gnoll shamans
  An iguana (D:14)
  21 orc wizards
  12 worker ants
  2 lightning spires (Gauntlet)
  A killer bee zombie (D:6)
  3 howler monkey zombies
  16 gnolls
  10 adders
  5 shadow imps
  5 oozes (D:9)
  An adder skeleton (D:4)
  A worm (D:5)
  2 dart slugs (D:3)
  6 leopard geckos
  59 orcs
  2 bats (D:3)
  4 giant cockroaches
  9 goblins
  4 hobgoblins
  13 jackals
  2 quokkas
  2 frilled lizards
  A jackal skeleton (D:7)
  13 kobolds
  3 rats (D:2)
687 creatures vanquished.

Vanquished Creatures (collateral kills)
  Roxanne (D:14)
  A catoblepas (Lair:6)
  3 two-headed ogres
  3 death yaks
  A skeletal warrior (D:14)
  A deep elf mage (D:15)
  An orc knight (D:10)
  4 oklob plants
  2 yaks (Lair:6)
  An ogre (Orc:2)
  A crocodile (Lair:4)
  An orc (D:11)
  A kobold (D:11)
21 creatures vanquished.

Vanquished Creatures (others)
  A wizard (D:14)
  A bush (D:9)
  28 fungi
  50 plants
80 creatures vanquished.

Grand Total: 788 creatures vanquished

Notes
Turn   | Place    | Note
-------+----------+-------------------------------------------
     0 | D:1      | Kagalorn the Octopode Transmuter began the quest for the
                  | Orb.
     0 | D:1      | Reached XP level 1. HP: 13/13 MP: 3/3
   623 | D:2      | Reached XP level 2. HP: 18/18 MP: 3/5
  1980 | D:3      | Noticed an ice beast
  2035 | D:3      | Reached skill level 4 in Unarmed Combat
  2035 | D:3      | Reached XP level 3. HP: 18/23 MP: 4/6
  2049 | D:3      | Learned a level 3 spell: Spider Form
  2080 | D:3      | Found a white marble altar of Elyvilon.
  2113 | D:3      | Noticed a +0 dagger
  2115 | D:3      | Found a hide-covered altar of Uskayaw.
  2115 | D:3      | Noticed a +0 hand axe
  2333 | D:3      | Reached XP level 4. HP: 20/28 MP: 5/7
  2696 | D:3      | HP: 1/28 [ice beast (11)]
  2699 | D:3      | Killed an ice beast
  2699 | D:3      | Reached skill level 5 in Unarmed Combat
  2699 | D:3      | Reached skill level 1 in Poison Magic
  2699 | D:3      | Reached XP level 5. HP: 1/33 MP: 5/8
  2983 | D:4      | Reached XP level 6. HP: 37/38 MP: 9/9
  3542 | D:4      | Found a blossoming altar of Fedhas.
  3557 | D:4      | Found a glowing golden altar of the Shining One.
  3738 | D:4      | Reached skill level 6 in Unarmed Combat
  3869 | D:4      | Found an iron altar of Okawaru.
  4003 | D:4      | Found Koh Zyaw's Magic Scroll Shoppe.
  4011 | D:4      | Bought a scroll of random uselessness for 11 gold pieces
  4011 | D:4      | Bought a scroll of fog for 22 gold pieces
  4011 | D:4      | Bought a scroll of teleportation for 33 gold pieces
  4011 | D:4      | Bought a scroll of magic mapping for 38 gold pieces
  4011 | D:4      | Bought a scroll of identify for 22 gold pieces
  4023 | D:4      | Learned a level 4 spell: Ice Form
  4024 | D:4      | Reached skill level 10 in Unarmed Combat
  4024 | D:4      | Reached skill level 5 in Spellcasting
  4024 | D:4      | Reached XP level 7. HP: 43/43 MP: 9/15
  4350 | D:4      | Became a worshipper of Warmaster Okawaru
  4375 | D:5      | Entered Level 5 of the Dungeon
  4385 | D:5      | Found a radiant altar of Vehumet.
  4587 | D:5      | Found a runed translucent gate.
  4588 | D:5      | Found a runed translucent gate.
  4589 | D:5      | Found a runed translucent gate.
  4589 | D:5      | Noticed demivan's ghost (novice MiFi)
  4609 | D:5      | Found a shimmering altar of Xom.
  4629 | D:5      | Found a shimmering altar of Xom.
  4630 | D:5      | Found a shimmering altar of Xom.
  4630 | D:5      | Found a shimmering altar of Xom.
  4739 | D:5      | Found a stormy altar of Qazlal.
  4786 | D:5      | Reached XP level 8. HP: 15/48 MP: 11/16
  4803 | D:5      | Reached * piety under Okawaru
  5083 | D:5      | Found a shimmering altar of Xom.
  5088 | D:5      | Found a shimmering altar of Xom.
  5128 | D:5      | Found a staircase to the Ecumenical Temple.
  5149 | Temple   | Entered the Ecumenical Temple
  5549 | D:5      | Reached skill level 1 in Ice Magic
  6342 | D:6      | Found a bloodstained altar of Trog.
  7246 | D:7      | Found Doovyem's Antique Weapon Emporium.
  7317 | D:7      | Reached ** piety under Okawaru
  7317 | D:7      | Reached skill level 1 in Invocations
  7342 | D:7      | Found Teix's Armour Shop.
  7389 | D:7      | Found Veuziota's General Store.
  7455 | D:7      | Found a sacrificial altar of Ru.
  7455 | D:7      | Found a shattered altar of Ashenzari.
  7455 | D:7      | Found a hazy altar of Hepliaklqana.
  7461 | D:7      | Reached XP level 9. HP: 52/53 MP: 15/17
  8466 | D:8      | Reached *** piety under Okawaru
  8508 | D:8      | Noticed Joseph
  9054 | D:9      | Found a snail-covered altar of Cheibriados.
  9154 | D:9      | Noticed a manticore
  9704 | D:9      | Reached XP level 10. HP: 58/58 MP: 14/19
  9731 | D:9      | Reached skill level 10 in Transmutations
  9750 | D:9      | Reached **** piety under Okawaru
  9750 | D:9      | Reached skill level 5 in Dodging
 10179 | D:10     | Entered Level 10 of the Dungeon
 10540 | D:10     | Noticed a two-headed ogre
 11562 | D:10     | Found a staircase to the Orcish Mines.
 11790 | D:10     | Killed a two-headed ogre
 11878 | D:10     | Found Fuaw's Magic Scroll Shoppe.
 11893 | D:10     | Bought a scroll of remove curse for 36 gold pieces
 11893 | D:10     | Bought a scroll of blinking for 90 gold pieces
 11893 | D:10     | Bought a scroll of fog for 24 gold pieces
 12164 | D:10     | Found a portal to a secret trove of treasure.
 12178 | D:10     | Found Jaullont's Distillery.
 12448 | D:10     | Reached ***** piety under Okawaru
 12532 | D:11     | Reached skill level 5 in Invocations
 12544 | D:11     | Found a staircase to the Lair.
 12594 | D:11     | Found a flagged portal.
 12611 | Bailey   | Entered a bailey
 13039 | Bailey   | Reached XP level 11. HP: 26/69 MP: 20/20
 13837 | D:11     | Found Icuucept's General Store.
 13905 | D:11     | Noticed a two-headed ogre
 13942 | D:11     | Killed a two-headed ogre
 13942 | D:11     | Reached skill level 5 in Fighting
 14075 | D:11     | Noticed a brown ugly thing
 14123 | D:10     | Learned a level 5 spell: Summon Mana Viper
 14490 | D:8      | Noticed a two-headed ogre
 14842 | D:8      | Killed a two-headed ogre
 14842 | D:8      | Reached skill level 1 in Hexes
 14842 | D:8      | Reached skill level 1 in Summonings
 15115 | D:8      | Noticed a two-headed ogre
 15428 | D:8      | Killed Joseph
 15796 | D:8      | Found a shadowy altar of Dithmenos.
 15856 | D:8      | Received a gift from Okawaru
 15946 | D:8      | Killed a two-headed ogre
 16113 | Lair:1   | Entered Level 1 of the Lair of Beasts
 16268 | Lair:1   | Noticed a seven-headed hydra
 16276 | Lair:1   | Killed a seven-headed hydra
 16920 | Lair:1   | Reached XP level 12. HP: 50/77 MP: 21/21
 17219 | Lair:1   | Received a gift from Okawaru
 17219 | Lair:1   | Reached skill level 5 in Summonings
 17698 | Lair:1   | Identified a scroll of acquirement
 17772 | Lair:2   | Got a scorched garnet amulet
 17773 | Lair:2   | Identified the amulet "Rus Tiab" {Spirit rElec rPois MR+
                  | Int-5} (You acquired it on level 2 of the Lair of Beasts)
 17837 | Lair:2   | Found a staircase to the Shoals.
 18042 | Lair:2   | Reached skill level 1 in Shields
 18486 | Lair:2   | Noticed a six-headed hydra
 18493 | Lair:2   | Killed a six-headed hydra
 19005 | Lair:3   | Found a gate leading to a gauntlet.
 19015 | Gauntlet | Entered a Gauntlet
 19015 | Gauntlet | Found a transporter.
 19015 | Gauntlet | Found a transporter.
 19015 | Gauntlet | Found a transporter.
 19037 | Gauntlet | Found a transporter.
 19038 | Gauntlet | Found a transporter.
 19055 | Gauntlet | Found a transporter.
 19059 | Gauntlet | Found a transporter.
 19096 | Gauntlet | Found a transporter.
 19106 | Gauntlet | Found a transporter.
 19121 | Gauntlet | Found a transporter.
 19131 | Gauntlet | Found a transporter.
 19146 | Gauntlet | Found a transporter.
 19261 | Gauntlet | Got a slimy tin amulet
 19456 | Gauntlet | Identified the amulet "Meud" {Gourm SInv} (You found it in
                  | a Gauntlet)
 19619 | Gauntlet | Got a scintillating turquoise ring
 19635 | Gauntlet | Got an iridescent morningstar
 19640 | Gauntlet | Got a translucent great sword
 19836 | Gauntlet | Identified the ring of the Thistle {MR+ Int+3 Dex+2} (You
                  | found it in a Gauntlet)
 19840 | Gauntlet | Noticed a minotaur
 19854 | Gauntlet | Killed a minotaur
 19876 | Gauntlet | Identified the Disquisition on Warped Shape Shifting
 20044 | Lair:3   | Learned a level 2 spell: Blink
 20134 | Lair:3   | Noticed a four-headed hydra
 20143 | Lair:3   | Killed a four-headed hydra
 20413 | Lair:3   | Noticed an eight-headed hydra
 20437 | Lair:3   | Found a hole to the Spider Nest.
 20719 | Lair:3   | Killed an eight-headed hydra
 20719 | Lair:3   | Reached skill level 10 in Invocations
 21101 | Lair:3   | Found an ornate altar of the Wu Jian Council.
 21476 | Lair:4   | Reached skill level 1 in Translocations
 22106 | Lair:4   | Reached XP level 13. HP: 81/81 MP: 17/22
 22110 | Lair:4   | Received a gift from Okawaru
 22741 | Lair:4   | HP: 4/97 [poisoned by a black mamba]
 22746 | Lair:4   | HP: 4/97 [poisoned by a black mamba]
 22753 | Lair:4   | HP: 3/97 [poisoned by a black mamba]
 22761 | Lair:4   | HP: 3/97 [poisoned by a black mamba]
 23543 | Lair:4   | Identified the Guide on Beguiling
 23884 | Lair:4   | Reached skill level 10 in Summonings
 24450 | Lair:4   | Received a gift from Okawaru
 24451 | Lair:4   | Found the +6 Majin-Bo {vamp, Archmagi MP+6 Int+6}
 25293 | Lair:5   | Found a runed translucent door.
 25294 | Lair:5   | Found a viscous altar of Jiyva.
 25294 | Lair:5   | Noticed an acid blob
 25297 | Lair:5   | Found a staircase to the Slime Pits.
 25462 | Lair:5   | HP: 4/81 [porcupine (3)]
 26103 | Lair:5   | Reached skill level 11 in Unarmed Combat
 26467 | Lair:6   | Entered Level 6 of the Lair of Beasts
 27782 | Lair:6   | Reached ****** piety under Okawaru
 27800 | Lair:6   | Received a gift from Okawaru
 27800 | Lair:6   | Reached skill level 12 in Unarmed Combat
 27825 | Lair:6   | Reached XP level 14. HP: 35/89 MP: 6/23
 29030 | Lair:6   | Reached skill level 13 in Unarmed Combat
 31288 | Lair:6   | Got a scorched bronze ring
 31709 | D:5      | Killed demivan's ghost
 31709 | D:5      | Received a gift from Okawaru
 31915 | D:10     | Identified the ring "Idduk" {MR+ Dex+6 Slay+2} (You found
                  | it on level 6 of the Lair of Beasts)
 31933 | Orc:1    | Entered Level 1 of the Orcish Mines
 32832 | Orc:1    | Reached skill level 14 in Unarmed Combat
 32978 | Orc:1    | Found a bloodstained altar of Trog.
 33261 | Orc:2    | Entered Level 2 of the Orcish Mines
 33405 | Orc:2    | Found a staircase to the Elven Halls.
 34728 | Orc:1    | Received a gift from Okawaru
 34728 | Orc:1    | Reached skill level 15 in Unarmed Combat
 35435 | Orc:1    | Reached XP level 15. HP: 81/94 MP: 17/24
 36095 | Orc:2    | Found Umomea's Antique Armour Shop.
 36095 | Orc:2    | Found Wyxtaug's Book Emporium.
 36096 | Orc:2    | Found Cuupyi's Jewellery Emporium.
 36096 | Orc:2    | Found Ymiebb's Food Boutique.
 36225 | Orc:2    | Found Fekuter's Gadget Shop.
 37250 | D:11     | Reached skill level 16 in Unarmed Combat
 37485 | D:12     | You fall into a shaft and drop 2 floors!
 37705 | D:12     | Found an opulent altar of Gozag.
 38785 | D:13     | Noticed Maurice
 38796 | D:13     | Killed Maurice
 39104 | D:13     | Received a gift from Okawaru
 39176 | D:13     | Found Xomova's Assorted Antiques.
 39703 | D:13     | Found Naxt's Magic Scroll Shop.
 39922 | D:14     | Identified Roxanne's Almanac of Transformation
 39922 | D:14     | Noticed Roxanne
 40662 | D:14     | Noticed Rupert
 40761 | D:14     | Killed Rupert
 40785 | D:14     | Found Vaem's Antique Weapon Boutique.
 41334 | D:14     | Reached skill level 17 in Unarmed Combat
 41537 | D:14     | Found a gate to the Vaults.
 41557 | D:14     | Received a gift from Okawaru
 42092 | D:14     | Killed Roxanne
 42108 | D:14     | Learned a level 6 spell: Statue Form
 42134 | D:15     | Entered Level 15 of the Dungeon
 43399 | D:15     | Reached XP level 16. HP: 94/99 MP: 22/25
 43472 | D:15     | Reached skill level 1 in Earth Magic
 44464 | D:14     | Reached skill level 18 in Unarmed Combat
 44565 | D:15     | Received a gift from Okawaru
 44955 | D:15     | Found a staircase to the Depths.
 44985 | D:15     | Learned a level 2 spell: Passwall
 45475 | Lair:5   | Got a bound iron ring
 45505 | Lair:5   | Identified the ring of Equivalence {rPois MR++} (You found
                  | it on level 5 of the Lair of Beasts)
 45684 | Lair:6   | HP: 3/99 [yak (16)]
 45711 | Lair:6   | Mangled by a yak

Levels and vault maps discovered:
D:1:      psy_arrival_statuary, layout_loops_ring, supply_closet_lemuel,
          kennysheep_pointless_box
D:2:      layout_basic, serial_co_window_serial, co_window_paths_b,
          co_window_of_opportunity_a, co_window_corner_a, co_window_corner_a,
          co_window_of_opportunity_a, co_window_2corner, co_window_corner_cb,
          co_window_corner_b, co_window_paths_e, co_window_4corner_a,
          glass_columns_c, glass_columns_a, glass_columns_b, glass_columns_b
D:3:      layout_loops_ring, dancing_weapons_uskayaw, elyvilon_altar_4
D:4:      layout_loops_corners, kennysheep_little_box,
          kennysheep_okawaru_gauntlet, serial_shops, shop, tso_altar
D:5:      layout_basic, overflow_temple_1_default, xom_redecorated,
          minmay_temple_entry_slanted, basic_altar, first_ration,
          gammafunk_ghost_split
D:6:      layout_basic, lemuel_round_altar, serial_corexii_hall,
          corexii_hall_statues_x, chequers_hall_statues_wall_a
D:7:      layout_gridville, chequers_temple_overflow_statue_of_worship,
          serial_shops, nicolae_shop_temple_entry_statues_fountains, shop, shop
D:8:      layout_rooms, kennysheep_mini_moat, uniq_joseph
D:9:      layout_roguey, cheibriados_altar_1, kb_lookout_dungeons_type,
          hangedman_little_slice_of_home, minmay_variable_closet,
          lightli_corner_chamber
D:10:     layout_long_grid, erik_orc_4, serial_shops, shop,
          nicolae_shop_waterfront, enter_trove_0
D:11:     layout_irregular_city, lair_entry_dummy, serial_co_window_serial,
          co_window_of_opportunity_a, co_window_corner_a,
          co_window_of_opportunity_a, co_window_of_opportunity_a,
          co_window_paths_a, co_window_of_opportunity_a, co_window_paths_a,
          co_window_of_opportunity_b, co_window_2corner,
          co_window_unsneaky_path_d, co_window_of_opportunity_b,
          co_window_unsneaky_path_d, co_window_paths_e, glass_columns_b,
          glass_columns_a, glass_columns_a, glass_columns_a, serial_shops,
          nicolae_shop_window_shopping, enter_bailey_3
D:12:     layout_roguey, grunt_gozag_breadcrumbs
D:13:     layout_layer_cave, serial_shops, nicolae_shop_stone,
          kennysheep_windowed_goal, uniq_maurice
D:14:     layout_grid_maze, grunt_vaults_entry_tiered, serial_shops, shop,
          lightli_minifort, uniq_roxanne, uniq_rupert
D:15:     grunt_enter_depths_magical_seal, layout_rooms
Temple:   cyrus_temple_forest
Lair:1:   layout_concentric_octagons
Lair:2:   layout_gridlike, shoals_dummy_entry, serial_bayou_shore_a
Lair:3:   layout_chaotic_city, spider_nest_entry_rubble, gauntlet_entry_generic,
          lemuel_oklob_altar
Lair:4:   cheibrodos_lair_overgrown_chateau, layout_regular_city, minivault_27,
          grunt_megastairs_4
Lair:5:   layout_loops_ring, slime_altar_2, minmay_lair_oklob_chamber
Lair:6:   evilmike_catoblepas_cave, layout_regular_city
Orc:1:    layout_diamond_mine, trog_butcher_becter
Orc:2:    st_orc_ogre_mass, layout_caves, serial_shops, nicolae_shop_crystal

Skill      XL: |  1  2  3  4  5  6  7  8  9 10 11 12 13 14 15 16 |
---------------+-------------------------------------------------+-----
Unarmed Combat | 4 5 10 12 15 17 18 | 18.2
Poison Magic   | 1 2 |  2.0
Spellcasting   | 5 6 |  6.2
Transmutations | 8 9 10 | 10.0
Dodging        | 3 4 5 6 7 8 |  8.1
Ice Magic      | 1 2 4 |  4.0
Invocations    | 1 2 5 8 10 | 10.0
Fighting       | 4 5 6 |  6.0
Hexes          | 4 |  4.0
Summonings     | 4 8 10 | 10.0
Shields        | 4 |  4.0
Translocations | 2 3 |  3.0
Earth Magic    | 2 |  2.9

Action                   |  1- 3 |  4- 6 |  7- 9 | 10-12 | 13-15 | 16-18 || total
-------------------------+-------+-------+-------+-------+-------+-------++-------
Melee: Unarmed           |    45 |    56 |   228 |   624 |  1315 |   148 ||  2416
       Kick              |     6 |     8 |    35 |     7 |       |       ||    56
       Constrict         |    14 |    11 |    40 |    11 |    11 |     2 ||    89
       Tentacles         |    10 |     6 |    32 |     7 |    24 |    16 ||    95
       Punch             |     1 |     1 |    10 |     6 |     8 |     7 ||    33
Throw: Dart              |     6 |     4 |    34 |    94 |     3 |       ||   141
       Javelin           |       |       |       |    10 |       |       ||    10
 Cast: Beastly Appendage |    10 |     6 |    28 |     4 |       |       ||    48
       Spider Form       |       |     2 |     8 |    15 |    32 |       ||    57
       Ice Form          |       |       |     7 |    50 |    91 |     9 ||   157
       Summon Mana Viper |       |       |       |     1 |    30 |    12 ||    43
       Blink             |       |       |       |       |     2 |       ||     2
Invok: Heroism           |       |       |       |     9 |     8 |       ||    17
       Finesse           |       |       |       |     1 |       |       ||     1
 Abil: End Transformatio |       |       |       |     7 |     2 |       ||     9
Evoke: Wand              |       |       |       |     4 |       |       ||     4
  Use: Scroll            |       |     5 |     6 |    10 |     8 |       ||    29
       Potion            |       |     1 |       |     7 |     1 |     4 ||    13
 Stab: Sleeping          |     5 |     1 |     5 |     1 |     4 |       ||    16
       Distracted        |       |       |       |       |     6 |       ||     6
       Petrified         |       |       |       |       |       |     5 ||     5
       Petrifying        |       |       |       |       |       |     2 ||     2
  Eat: Chunk             |     4 |     3 |     9 |    23 |    51 |     7 ||    97
       Ration            |       |     1 |     4 |     7 |    11 |     2 ||    25
Armor: Skin              |       |     3 |    12 |    69 |   133 |    15 ||   232
Dodge: Dodged            |    21 |    50 |   156 |   501 |  1032 |   110 ||  1870
Block: Buckler           |       |       |       |       |    33 |    10 ||    43
       Reflection        |       |       |       |       |     1 |       ||     1
